 Dungeon Sprint DCSS version 0.17-a0-1701-gf693a3f (webtiles) character file.

28 Kidiri the Shield-Bearer (level 3, 0/34 HPs)
             Began as a Minotaur Fighter on Aug 21, 2015.
             Was an Initiate of Okawaru.
             Slain by a gnoll
             ... wielding a +0 flail
              (1 damage)
             ... in the Dungeon (Sprint VII: "The Pits").
             The game lasted 00:02:19 (301 turns).

Kidiri the Shield-Bearer (Minotaur Fighter)          Turns: 301, Time: 00:02:19

Health: 0/34       AC: 14    Str: 21    XL:     3   Next: 0%
Magic:  2/2        EV:  4    Int:  5    God:    Okawaru [......]
Gold:   0          SH: 10    Dex:  9    Spells: 0 memorised, 2 levels left

rFire  . . .     SeeInvis .     a - +0 war axe
rCold  . . .     Clarity  .     t - +2 plate armour
rNeg   . . .     SustAt   .     c - +0 shield
rPois  .         Gourm    .     (helmet restricted)
rElec  .         Spirit   .     (no cloak)
rCorr  .         Warding  .     (no gloves)
rMut   .         NoTele   +     (no boots)
MR     .....                    (no amulet)
Stlth  ..........               (no ring)
                                (no ring)

@: not resistant to hostile enchantments, extremely unstealthy
A: retaliatory headbutt, horns 2
a: Renounce Religion


You were in the Dungeon.
You worshipped Okawaru.
Okawaru was noncommittal.
You were not hungry.

You visited 1 branch

Inventory:

Hand weapons
 a - a +0 war axe (weapon)
 b - a +0 flail of crushing
Armour
 c - a +0 shield (worn)
 t - a +2 plate armour (worn)
Scrolls
 k - a scroll of blinking
 o - 3 scrolls of remove curse
 p - 5 scrolls of amnesia
 q - a scroll of summoning
Potions
 d - a potion of might
 f - 6 potions of curing
 g - 6 potions of heal wounds
 h - a potion of haste
 i - 4 potions of magic
 j - 3 potions of berserk rage
 n - 2 potions of invisibility
Comestibles
 e - 8 bread rations
 l - 40 fruits
 m - 7 meat rations
 s - 2 chunks of flesh


   Skills:
 + Level 4.4 Fighting
 * Level 3.9 Axes
 * Level 5.1 Armour
 + Level 1.6 Dodging
 * Level 5.2 Shields
 + Level 0.4 Invocations


You had 2 spell levels left.
You didn't know any spells.

Dungeon Overview and Level Annotations

Branches:
Dungeon (1/1)

Altars:
Ashenzari
Cheibriados
Dithmenos
Elyvilon
Fedhas
Gozag
Kikubaaqudgha
Makhleb
Nemelex Xobeh
Okawaru
Qazlal
Ru
Sif Muna
Trog
Vehumet
Xom
Yredelemnul
Zin
The Shining One
Beogh
Jiyva
Lugonu


Innate Abilities, Weirdness & Mutations

You reflexively headbutt those who attack you in melee.
You have a pair of horns on your head.


Message History

Your Shields skill increases to level 5!
You have reached level 3!
Your experience leads to an increase in your attributes!
Increase (S)trength, (I)ntelligence, or (D)exterity?
You feel stronger. The gnoll hits you but does no damage.
The orc priest calls down the wrath of Beogh upon you.
Something smites you!
Your shield and plate armour prevent you from hitting the gnoll.
You block the gnoll's attack.
You closely miss the gnoll.
The orc priest invokes the aid of Beogh against you.
Something smites you!
* * * LOW HITPOINT WARNING * * *
The gnoll hits you but does no damage.
Your shield and plate armour prevent you from hitting the gnoll.
The gnoll hits you but does no damage.
Your shield and plate armour prevent you from hitting the gnoll.
The gnoll hits you with a flail.
You die...

#_#)))+.+..##.....
#_#).)#.#?(##.....
#######+#####.....
#..........)'.....
#'#####+#####.....
#.#..#..#..##.....
#.#..+..+..#####'#
#.##+####+###.....
#@#..รท.....##.....
#g#........##.....
#z#####+#####...<.
#g#...)))[.##.....
#g#...)))[.##.....
#z###########.....
#zo# ###### #oz..
##Z#g#


You could see a flying skull, a gnoll shaman, 3 wights, an orc priest, 2 gnolls
and an orc.

Vanquished Creatures
  A gnoll (D)
  An ufetubus (D)
  An ooze (D)
  A bat (D)
  A hobgoblin (D)
  A quokka (D)
  A ball python skeleton (D)
  A ball python zombie (D)
  A giant gecko (D)
  A giant newt (D)
  A goblin (D)
11 creatures vanquished.

Notes
Turn   | Place    | Note
--------------------------------------------------------------
     0 | D        | Kidiri the Minotaur Fighter began the quest for the Orb.
     0 | D        | Reached XP level 1. HP: 19/19 MP: 0/0
    10 | D        | Noticed a steam dragon
    10 | D        | Noticed a mottled dragon
    62 | D        | Found a sacrificial altar of Ru.
    62 | D        | Found a basalt altar of Yredelemnul.
    62 | D        | Found a shadowy altar of Dithmenos.
    62 | D        | Found a deep blue altar of Sif Muna.
    62 | D        | Found a burning altar of Makhleb.
    62 | D        | Found a shimmering altar of Xom.
    62 | D        | Found an ancient bone altar of Kikubaaqudgha.
    62 | D        | Found a sparkling altar of Nemelex Xobeh.
    63 | D        | Found a glowing golden altar of the Shining One.
    63 | D        | Found a bloodstained altar of Trog.
    63 | D        | Found a shattered altar of Ashenzari.
    63 | D        | Found a white marble altar of Elyvilon.
    63 | D        | Found a snail-covered altar of Cheibriados.
    63 | D        | Found a blossoming altar of Fedhas.
    63 | D        | Found a radiant altar of Vehumet.
    63 | D        | Found a glowing silver altar of Zin.
    63 | D        | Found a corrupted altar of Lugonu.
    63 | D        | Found a viscous altar of Jiyva.
    63 | D        | Found a roughly hewn altar of Beogh.
    63 | D        | Found an iron altar of Okawaru.
    69 | D        | Found a stormy altar of Qazlal.
    69 | D        | Found an opulent altar of Gozag.
    72 | D        | Became a worshipper of Warmaster Okawaru
   102 | D        | Reached skill level 4 in Fighting
   106 | D        | Reached XP level 2. HP: 24/27 MP: 1/1
   140 | D        | Reached skill level 1 in Dodging
   286 | D        | Noticed an orc priest
   286 | D        | Noticed a gnoll shaman
   286 | D        | Noticed a wight
   286 | D        | Noticed a wight
   287 | D        | Noticed a flying skull
   287 | D        | Noticed a wight
   287 | D        | Noticed a wight
   288 | D        | Noticed a wight
   297 | D        | Reached skill level 5 in Armour
   297 | D        | Reached skill level 5 in Shields
   297 | D        | Reached XP level 3. HP: 30/34 MP: 2/2
   299 | D        | HP: 1/34 [orc priest/divine providence (15)]
   301 | D        | Slain by a gnoll

Vault maps used:
D:        pitsprint

Action                   || total
-------------------------++-------
Melee: War axe           ||    25
